 Dungeon Crawl Stone Soup version 0.17.0-18-gaab0e96 (console) character file.

165 gw the Cutter (level 5, 0/36 HPs)
             Began as a Halfling Assassin on Nov 12, 2015.
             Slain by gw's ghost (2 damage)
             ... on level 4 of the Dungeon.
             The game lasted 00:06:21 (3684 turns).

gw the Cutter (Halfling Assassin)                   Turns: 3684, Time: 00:06:21

Health: 0/36       AC:  8    Str: 11    XL:     5   Next: 75%
Magic:  5/5        EV: 11    Int: 10    God:
Gold:   262        SH:  0    Dex: 17    Spells: 0 memorised, 4 levels left

rFire  . . .     SeeInvis .     b - +0 blowgun
rCold  . . .     Clarity  .     h - +0 scale mail
rNeg   . . .     SustAt   .     (shield restricted)
rPois  .         Gourm    .     (no helmet)
rElec  .         Spirit   .     d - +0 cloak
rCorr  .         Warding  .     (no gloves)
rMut   .         Stasis   .     c - +0 pair of boots
MR     .....                    (no amulet)
Stlth  ++........               (no ring)
                                (no ring)

@: not resistant to hostile enchantments, unstealthy
A: mutation resistance 1
a: no special abilities


You were on level 4 of the Dungeon.
You were near starving.

You visited 1 branch of the dungeon, and saw 4 of its levels.

You collected 262 gold pieces.

Inventory:

Hand Weapons
 a - a +2 dagger
 b - a +0 blowgun (weapon)
Missiles
 e - 7 poisoned needles (quivered)
 f - a curare-tipped needle
Armour
 c - a +0 pair of boots (worn)
 d - a +0 cloak (worn)
 h - a +0 scale mail (worn)
Comestibles
 g - a bread ration


   Skills:
 + Level 2.9 Fighting
 * Level 4.7 Short Blades
 + Level 3.5 Throwing
 + Level 1.9 Armour
 - Level 1.1 Dodging
 - Level 4.3 Stealth


You had 4 spell levels left.
You didn't know any spells.

Dungeon Overview and Level Annotations

Branches:
Dungeon (4/15)
 Temple: D:4-7

Altars:

Annotations:
D:4 gw's ghost, amateur HuAr


Innate Abilities, Weirdness & Mutations

You are small and have problems with some larger weapons.
You are somewhat resistant to further mutation.


Message History

Unknown command.
MOVING TO (4,-4) Unknown command.
Unknown command.
Unknown command.
MOVING TO (3,-3) Unknown command.
Unknown command.
Unknown command.
MOVING TO (2,-2) Unknown command.
Unknown command.
Unknown command.
MOVING TO (1,-1) Unknown command.
Unknown command.
Unknown command.
MOVING TO (-7,7) Gw's ghost hits you. Gw's ghost burns you.
You die...

####### ##.....##
### ###....pW.##
#.### ##.........?#
....# #...........#
#.#<##
##...........#
###..#
#...........## #..#
#.....>....##
##)###..........#
####..####........#
......# #######.?#


You could see gw's ghost.

Table legend:
 A = Turns spent in this place as a percentage of turns spent in the entire game.
 B = Non-inter-level travel turns spent in this place as a percentage of non-inter-level travel turns spent in the entire game.
 C = Inter-level travel turns spent in this place as a percentage of turns spent in this place.
 D = Turns resting spent in this place as a percentage of non-inter-level travel turns spent in this place.
 E = Turns spent auto-exploring this place as a percentage of non-inter-level travel turns spent in this place.
 F = Non-inter-level travel turns spent in this place divided by the number of levels of this place that you've seen.
                   A       B       C       D       E      F
               +-------+-------+-------+-------+-------+----------------------
         Total | 100.0 | 100.0 |   0.3 |   0.2 |   1.7 | 2265.0
       Dungeon | 100.0 | 100.0 |   0.3 |   0.2 |   1.7 | 2265.0
               +-------+-------+-------+-------+-------+----------------------

Table legend:
 A = Kills in this place as a percentage of kills in entire the game.
 B = Kills by you in this place as a percentage of kills by you in the entire game.
 C = Kills by friends in this place as a percentage of kills by friends in the entire game.
 D = Other kills in this place as a percentage of other kills in the entire game.
 E = Experience gained in this place as a percentage of experience gained in the entire game.
 F = Experience gained in this place divided by the number of levels of this place that you have seen.
                   A       B       C       D       E      F
               +-------+-------+-------+-------+-------+----------------------
         Total | 100.0 | 100.0 |  -nan |  -nan | 100.0 |  59.2
       Dungeon | 100.0 | 100.0 |  -nan |  -nan | 100.0 |  59.2
               +-------+-------+-------+-------+-------+----------------------

Vanquished Creatures
  An iguana (D:4)
  A worker ant (D:4)
  4 adders
  4 worms
  A giant gecko (D:2)
  4 orcs (D:3)
  3 giant cockroaches (D:2)
  6 goblins
  8 hobgoblins
  A quokka (D:2)
  2 ball pythons
  12 bats
  6 giant newts
  8 kobolds
  8 rats
  A plant (D:3)
70 creatures vanquished.

Notes
Turn   | Place    | Note
--------------------------------------------------------------
     0 | D:1      | gw the Halfling Assassin began the quest for the Orb.
     0 | D:1      | Reached XP level 1. HP: 14/14 MP: 1/1
   339 | D:1      | Reached XP level 2. HP: 19/19 MP: 2/2
   807 | D:2      | Reached XP level 3. HP: 17/24 MP: 3/3
  1241 | D:2      | Reached skill level 1 in Armour
  1311 | D:2      | Reached XP level 4. HP: 30/30 MP: 4/4
  2444 | D:3      | Reached XP level 5. HP: 35/35 MP: 5/5
  2925 | D:4      | Noticed gw's ghost (amateur HuAr)
  3600 | D:4      | HP: 1/36 [gw's ghost (3)]
  3684 | D:4      | Slain by gw's ghost

Action                   |  1- 3 |  4- 6 || total
-------------------------+-------+-------++-------
Melee: Dagger            |    57 |   103 ||   160
 Fire: Blowgun           |    40 |    88 ||   128
 Stab: Sleeping          |    17 |    10 ||    27
       Distracted        |       |     1 ||     1
  Eat: Chunk             |     1 |     6 ||     7

Vault maps used:
D:1:      dpeg_arrival_refuge
D:3:      serial_bayou_ford_a
D:4:      nicolae_dithmenos_through_a_glass_darkly, first_bread,
          eino_tiny_chamber
